 Dungeon Crawl Stone Soup version 0.30.2 (webtiles) character file.

Game seed: 18350037985256166333

11916 porpoise the Basher (level 11, -22/68 HPs)
             Began as a Gargoyle Gladiator on Mar 30, 2024.
             Was a Priest of Ru.
             Annihilated by a fire giant
             ... wielding a +2 great sword of flaming
              (30 damage)
             ... on level 10 of the Dungeon on Mar 31, 2024.
             The game lasted 00:40:45 (12668 turns).

porpoise the Basher (Gargoyle Gladiator)           Turns: 12668, Time: 00:40:45

Health: -22/68     AC: 12    Str: 22    XL:     11   Next: 85%
Magic:  11/11      EV: 12    Int:  9    God:    Ru [***...]
Gold:   625        SH:  5    Dex: 11    Spells: 10/10 levels left

rFire   + + .        b - +1 morningstar
rCold   + . .        (no shield)
rNeg    + . .        p - +0 ring mail
rPois   ∞            k - +1 helmet
rElec   +            (no cloak)
rCorr   +            (no gloves)
SInv    .            I - +0 pair of boots {rampage}
Will    +....        M - amulet of reflection
Stlth   ++           g - ring of protection from fire
HPRegen 0.31/turn    T - ring of willpower
MPRegen 0.12/turn

%: reflection, rampage
@: resistant, hasted, very quick
A: sickness immunity, AC +8, negative energy resistance 1, electricity
resistance, torment resistance 1, petrification resistance, hated by all,
reduced AC 1
a: Renounce Religion, Draw Out Power


You were on level 10 of the Dungeon.
You worshipped Ru.
Ru was most pleased with you.
You visited 2 branches of the dungeon, and saw 12 of its levels.
You also visited: Ossuary.

You collected 625 gold pieces.

Inventory:

Hand Weapons
 a - a +2 whip of draining
 b - a +1 morningstar (weapon)
 l - a +3 trident of venom
 w - a +0 sling
Missiles
 d - 4 throwing nets (quivered)
 e - a javelin
 h - 9 boomerangs
 r - 24 poisoned darts
 S - a curare-tipped dart
Armour
 k - a +1 helmet (worn)
 p - a +0 ring mail (worn)
 q - an orb of wrath
 C - a +0 buckler
 I - a +0 pair of boots of rampaging (worn)
Jewellery
 c - a ring of flight
 g - a ring of protection from fire (left hand)
 t - a +6 ring of intelligence
 z - a ring of protection from fire
 G - a +6 ring of dexterity
 M - an amulet of reflection (around neck)
 R - a ring of ice
 T - a ring of willpower (right hand)
Wands
 H - a wand of quicksilver (9)
Scrolls
 f - a scroll of poison
 o - a scroll of amnesia
 s - a scroll of immolation {unknown}
 v - 4 scrolls of fog
 y - 2 scrolls of enchant weapon
 A - a scroll of acquirement {unknown}
 E - a scroll of enchant armour
 L - 2 scrolls of fear
 N - a scroll of summoning {unknown}
 O - 3 scrolls of noise
 Q - a scroll of vulnerability
Potions
 m - 7 potions of curing
 n - a potion of heal wounds
 u - a potion of cancellation {unknown}
 x - 6 potions of brilliance
 B - 3 potions of might
 D - a potion of magic {unknown}
 F - a potion of degeneration {unknown}
 J - a potion of invisibility {unknown}
 K - a potion of berserk rage {unknown}
 P - a potion of lignification


   Skills:
 + Level 7.7 Fighting
 * Level 14.3 Maces & Flails
 - Level 1.7 Throwing
 - Level 5.0 Armour
 - Level 5.0 Dodging
 - Level 5.0 Stealth
 - Level 5.0 Evocations


You had 10 spell levels left.
You didn't know any spells.
Your spell library contained the following spells:

 Spells                   Type           Power      Damage    Failure   Level
 Apportation              Tloc           0%         N/A       54%         1
 Freeze                   Ice            0%         1d3       54%         1
 Necrotise                Necr           0%         1d4       54%         1
 Shock                    Conj/Air       0%         1d3       54%         1
 Blink                    Tloc           0%         N/A       67%         2
 Lesser Beckoning         Tloc           0%         N/A       67%         2
 Momentum Strike          Conj/Tloc      0%         3d8       67%         2
 Frozen Ramparts          Ice            0%         1d1       88%         3
 Hailstorm                Conj/Ice       0%         3d3       88%         3
 Ignite Poison            Fire/Tmut/Pois 0%         N/A       88%         3
 Inner Flame              Hex/Fire       0%         N/A       88%         3
 Swiftness                Air            0%         N/A       88%         3
 Airstrike                Air            0%         2d(0-16)  99%         4
 Yara's Violent Unravell  Hex/Tmut       0%         3d3       100%        5
 Enfeeble                 Hex            0%         N/A       100%        7
 Necromutation            Tmut/Necr      0%         N/A       100%        8
 Summon Small Mammal      Summ           Unusable   N/A       N/A         1

Dungeon Overview and Level Annotations

Branches:
Dungeon (11/15)            Temple (1/1) D:6            Lair (0/5) D:10
Ossuary (visited)
    Orc: D:9-12

Altars:
Ashenzari
Cheibriados
Dithmenos
Elyvilon
Gozag
Kikubaaqudgha
Makhleb
Okawaru
Ru
Sif Muna
Trog
Uskayaw
Vehumet
Wu Jian
Xom
Zin
The Shining One

Shops:
D:2 :

Annotations:
D:2 Sigmund
D:8 1 runed translucent door, chicagocrazy's ghost, weakling HuDe
Temple 2 transporters


Innate Abilities, Weirdness & Mutations

You are immune to sickness and miasma.
Your stone body is resilient. (AC +8)
You are immune to poison.
You resist negative energy. (rN+)
You are resistant to electric shocks. (rElec)
You are resistant to unholy torment.
You are immune to petrification.
You are hated by all.
You take slightly more damage. (AC -5)


Message History

* * * LOW HITPOINT WARNING * * *
The fire giant burns you.
* * * LOW HITPOINT WARNING * * *
You feel protected.
The fire giant begins to cast a spell, but is stunned by your conviction!
You feel much better.
You hit the fire giant but do no damage.
You punch the fire giant.
The fire giant is heavily wounded.
The fire giant begins to cast a spell, but is stunned by your conviction!
You hit the fire giant.
The fire giant is heavily wounded.
You barely miss the fire giant.
The fire giant is heavily wounded.
The fire giant begins to cast a spell, but is stunned by your conviction!
You hit the fire giant but do no damage.
The fire giant is heavily wounded.
You hit the fire giant.
The fire giant is heavily wounded.
The fire giant hits you with a +2 great sword of flaming!!
* * * LOW HITPOINT WARNING * * *
You hear a shout!
You puncture the fire giant!
You punch the fire giant, but do no damage.
The fire giant is severely wounded.
You hear a shout!
You sock the fire giant!
The fire giant is severely wounded.
The fire giant closely misses you.
You hit the fire giant but do no damage.
The fire giant is severely wounded.
You hit the fire giant.
The fire giant is almost dead.
You block the fire giant's attack.
You barely miss the fire giant.
The fire giant is almost dead.
You hit the fire giant.
The fire giant is almost dead.
The fire giant hits you with a +2 great sword of flaming!!
You die...

**,,,***,,,,,,,,,,,..♣#♣.≈.♣#..#
*,,,,,**,♣♣♣♣♣♣♣♣♣♣♣.♣#.≈≈≈.#..#
#*,,,,,**,♣.........♣.♣#.≈≈≈.#..#
.*,,,,,**,♣(♣♣♣♣♣♣♣.♣.♣*.≈≈≈.#..#
.*,***,**,♣.♣######.♣.♣*.≈~≈.#...
#**,*,***,♣.♣#.'.:#.♣.♣♣♣~≈~♣#...
*,***,,,,♣.♣#.'C|#.♣....≈~≈.#...
**,*,***,♣.♣#.####.♣.♣♣♣~≈~♣#...
*,***,**,♣.♣#WC@...♣.♣#.≈~≈.#...
*,,,,,**,♣.♣♣♣♣♣♣♣♣♣.♣#.≈≈≈.#..#
*,,,,,**,♣[..........♣#.≈≈≈.#..#
*,,,,,**,♣♣♣♣♣♣♣♣♣♣♣♣♣#.≈≈≈.#..#
**,,,***,,,,,,,* #♣.≈.♣#..# **,**
*******,* ♣♣.♣♣#... *,* *** **,**
*** ♣.♣ #... **,**
**,***,,,***,** ♣♣.♣♣#..)
#♣,*,♣#*,~,*,~~~,*,~,*#♣...♣#..>


You could see a fire giant and a freezing wraith.

Vanquished Creatures
  Erolcha (D:10)
  4 two-headed ogres (D:10)
  A cyclops (D:10)
  A queen bee (D:8)
  A shadow (D:10)
  3 wyverns
  3 wraiths
  8 yaks (D:10)
  Grum (D:10)
  A steam dragon (D:6)
  2 acid dragons (D:8)
  2 water moccasins
  4 black bears
  4 ice beasts
  4 orc warriors
  An ogre (D:5)
  2 centaurs
  4 wolves
  2 kobold brigands
  A phantom (D:4)
  A gnoll sergeant (D:10)
  5 bullfrogs
  9 scorpions
  8 wights (D:9)
  22 killer bees (D:8)
  3 howler monkeys
  2 centaur zombies (Ossuary)
  4 hounds
  2 human zombies (Ossuary)
  A jelly (D:6)
  10 orc priests
  4 scorpion zombies (Ossuary)
  A gnoll bouda (D:10)
  A sleepcap (D:5)
  An iguana (D:5)
  9 orc wizards
  3 mummies (Ossuary)
  10 gnolls
  7 adders
  A shadow imp (D:6)
  2 white imps (D:7)
  2 ufetubi (D:5)
  2 worms
  3 dart slugs
  26 orcs
  10 endoplasms
  3 giant cockroaches (D:4)
  4 goblins
  15 hobgoblins
  4 quokkas
  3 ball pythons
  A bat (D:1)
  2 frilled lizards (D:1)
  A gnoll zombie (Ossuary)
  A goblin zombie (Ossuary)
  3 hobgoblin zombies (Ossuary)
  16 kobolds
  4 kobold zombies (Ossuary)
  2 orc zombies (Ossuary)
  4 rats
262 creatures vanquished.

Vanquished Creatures (others)
  A wight (D:10)
  A shadow imp (D:6)
  An orc (D:10)
  2 goblins (D:10)
5 creatures vanquished.

Grand Total: 267 creatures vanquished

Notes
Turn   | Place    | Note
-------+----------+-------------------------------------------
     0 | D:1      | porpoise the Gargoyle Gladiator began the quest for the
                  | Orb.
     0 | D:1      | Reached XP level 1. HP: 12/12 MP: 1/1
    99 | D:1      | Reached XP level 2. HP: 8/18 MP: 2/2
   174 | D:1      | Reached skill level 1 in Stealth
   366 | D:1      | Reached XP level 3. HP: 17/22 MP: 3/3
  1113 | D:2      | Found Aziwk's Book Boutique.
  1114 | D:2      | Noticed Sigmund
  1421 | D:2      | Found a faded altar of an unknown god.
  1920 | D:3      | Reached skill level 4 in Maces & Flails
  1920 | D:3      | Reached XP level 4. HP: 28/28 MP: 4/4
  2243 | D:3      | Noticed a black bear
  2256 | D:3      | Killed a black bear
  2257 | D:3      | Reached XP level 5. HP: 26/33 MP: 5/5
  2887 | D:3      | Reached skill level 5 in Maces & Flails
  2887 | D:3      | Reached XP level 6. HP: 24/38 MP: 6/6
  3264 | D:4      | Reached XP level 7. HP: 43/44 MP: 7/7
  3730 | D:5      | Entered Level 5 of the Dungeon
  3750 | D:5      | Reached skill level 6 in Maces & Flails
  3891 | D:5      | Reached skill level 5 in Fighting
  4208 | D:5      | Reached XP level 8. HP: 42/49 MP: 8/8
  4262 | D:5      | Reached skill level 7 in Maces & Flails
  4262 | D:5      | Reached skill level 5 in Stealth
  4974 | D:6      | Found a staircase to the Ecumenical Temple.
  5044 | Temple   | Entered the Ecumenical Temple
  5044 | Temple   | Found a transporter.
  5044 | Temple   | Found a transporter.
  5046 | Temple   | Found a transporter.
  5046 | Temple   | Found a transporter.
  5076 | Temple   | Became a worshipper of Ru the Awakened
  5121 | D:6      | Reached skill level 8 in Maces & Flails
  5274 | D:6      | Found an iron altar of Okawaru.
  5735 | D:6      | HP: 2/52 [kobold/+0 dagger (1)]
  5942 | D:7      | Reached XP level 9. HP: 53/56 MP: 9/9
  5976 | D:7      | Reached skill level 9 in Maces & Flails
  6137 | D:7      | Reached skill level 1 in Armour
  6300 | D:7      | Found a sand-covered staircase.
  6305 | Ossuary  | Entered an ossuary
  6313 | Ossuary  | Gained mutation: You are hated by all. [Ru sacrifice]
  6313 | Ossuary  | Reached * piety under Ru
  6313 | Ossuary  | Reached ** piety under Ru
  6328 | Ossuary  | Reached skill level 1 in Evocations
  6622 | Ossuary  | Reached skill level 10 in Maces & Flails
  7815 | D:8      | Reached XP level 10. HP: 62/63 MP: 10/10
  8102 | D:8      | Found a runed translucent door.
  8107 | D:8      | Reached skill level 11 in Maces & Flails
  8333 | D:8      | Noticed chicagocrazy's ghost (weakling HuDe)
  8336 | D:8      | Identified the +2 trident "Demonbane" {drain, rF+ Str+5
                  | Dex+2}
  9276 | D:8      | Reached skill level 5 in Armour
  9581 | D:9      | Gained mutation: You take slightly more damage. (AC -5) [Ru
                  | sacrifice]
  9581 | D:9      | Reached *** piety under Ru
 10435 | D:9      | Reached skill level 12 in Maces & Flails
 10910 | D:9      | Reached skill level 5 in Evocations
 11119 | D:10     | Entered Level 10 of the Dungeon
 11121 | D:10     | Noticed Erolcha
 11132 | D:10     | Killed Erolcha
 11133 | D:10     | Reached XP level 11. HP: 67/67 MP: 11/11
 11152 | D:10     | Got the Parchment of the Cure and Transfiguration
 11283 | D:10     | Noticed a two-headed ogre
 11305 | D:10     | Killed a two-headed ogre
 11306 | D:10     | Reached skill level 13 in Maces & Flails
 11399 | D:10     | Noticed a two-headed ogre
 11405 | D:10     | Noticed a two-headed ogre
 11426 | D:10     | Killed a two-headed ogre
 11438 | D:10     | Killed a two-headed ogre
 11642 | D:10     | Found a staircase to the Lair.
 11857 | D:10     | Found a flagged portal.
 11857 | D:10     | Noticed Grum
 11898 | D:11     | Reached skill level 5 in Dodging
 12199 | D:10     | Killed Grum
 12257 | D:10     | Reached skill level 14 in Maces & Flails
 12265 | D:10     | Noticed a two-headed ogre
 12278 | D:10     | Killed a two-headed ogre
 12464 | D:10     | Noticed a cyclops
 12478 | D:10     | Killed a cyclops
 12634 | D:10     | Noticed a fire giant
 12668 | D:10     | Annihilated by a fire giant

Illustrated notes

Levels and vault maps discovered:
D:1:      dpeg_arrival_round_b, layout_loops_ring, minmay_pentomino_t2
D:2:      layout_loops_corners, hellmonk_ecumenical_altar_run_dry, serial_shops,
          nicolae_shop_stone, chequers_serial_rivers_micro_d,
          chequers_serial_rivers_micro_a, uniq_crazy_yiuf_cottage, uniq_sigmund
D:3:      layout_basic
D:4:      layout_cave_pools, bh_walls_and_bars
D:5:      layout_basic
D:6:      layout_rooms, hellmonk_okawaru_the_only_friend_you_need,
          minmay_temple_entry_butterflies, serial_co_window_serial,
          co_window_paths_a, co_window_paths_b, co_window_paths_a,
          co_window_corner_a, co_window_corner_a, co_window_paths_b,
          co_window_cross_1, co_window_of_opportunity_a, co_window_cross_1,
          co_window_corner_cb, co_window_cross_4, co_window_of_opportunity_b,
          co_window_of_opportunity_c, co_window_corner_ca, co_window_paths_c,
          co_window_unsneaky_path_a, co_window_paths_d, glass_columns_b,
          glass_columns_c, glass_columns_a, glass_columns_b
D:7:      layout_basic, enter_ossuary_5, serial_co_window_serial,
          co_window_corner_a, co_window_corner_a, co_window_corner_a,
          co_window_paths_a, co_window_of_opportunity_a, co_window_corner_a,
          co_window_paths_a, co_window_cross_4, co_window_unsneaky_path_d,
          co_window_paths_c, co_window_cross_4, co_window_paths_c,
          co_window_sun, glass_columns_c
D:8:      layout_basic, ebering_ghost_funeral_grove,
          nicolae_looking_at_the_future
D:9:      layout_stronghold
D:10:     nzn_winding_woodlands_large [nzn_winding_woodlands_hourglass,
          nzn_winding_woodlands_5x15_river_crossing,
          nzn_winding_woodlands_5x5_open_star,
          nzn_winding_woodlands_center_garden,
          nzn_winding_woodlands_15x15_boxy_spiral,
          nzn_winding_woodlands_center_triple_pond,
          nzn_winding_woodlands_5x5_cross, nzn_winding_woodlands_5x15_parted,
          nzn_winding_woodlands_5x5_closed_star], layout_long_grid, minitemple,
          david_lair_generic, enter_bailey_4, grunt_decor_one_mirror,
          uniq_erolcha, uniq_grum
D:11:     minmay_stone_box, layout_cave_pools, hangedman_feature_mirror
Temple:   hellmonk_temple_divided_pantheon

Skill      XL: |  1  2  3  4  5  6  7  8  9 10 11 |
---------------+----------------------------------+-----
Stealth        | 1 2 3 4 5 |  5.0
Fighting       | 3 4 5 6 7 |  7.7
Maces & Flails | 4 5 6 8 10 12 14 | 14.3
Armour         | 3 5 |  5.0
Evocations     | 3 5 |  5.0
Dodging        | 3 5 |  5.0
Throwing       | |  1.7

Action                     |  1- 3 |  4- 6 |  7- 9 | 10-12 || total
---------------------------+-------+-------+-------+-------++-------
  Melee: Flail             |    87 |       |       |       ||    87
         Morningstar       |    50 |    77 |   229 |   158 ||   514
         Whip              |       |    41 |   231 |   457 ||   729
         Punch             |       |     1 |     3 |     6 ||    10
  Throw: Dart              |       |     2 |       |       ||     2
         Boomerang         |       |     2 |       |       ||     2
         Throwing net      |       |     1 |       |     3 ||     4
 Invoke: Sacrifice Love    |       |       |     1 |       ||     1
         Sacrifice Health  |       |       |       |     1 ||     1
  Evoke: Wand              |       |       |       |     2 ||     2
    Use: Scroll            |     3 |       |     7 |    11 ||    21
         Potion            |       |       |     3 |     5 ||     8
   Stab: Sleeping          |     3 |       |     4 |     4 ||    11
         Distracted        |       |       |       |     4 ||     4
         Invisible         |       |       |       |     1 ||     1
         Held in net/web   |       |       |       |     3 ||     3
 Armour: Leather armour    |    42 |       |       |       ||    42
         Ring mail         |    13 |    50 |   234 |   155 ||   452
  Dodge: Dodged            |    74 |    62 |   237 |   220 ||   593
  Block: Other             |       |       |    32 |    88 ||   120
         Reflection        |       |       |     3 |     1 ||     4
